[Event "ICC tourney 2396 (75 10)"]
[Site "Internet Chess Club"]
[Date "2021.02.21"]
[Round "4"]
[White "muzikmixer"]
[Black "Zuiopal"]
[Result "1-0"]
[ICCResult "Black checkmated"]
[WhiteElo "1579"]
[BlackElo "1654"]
[Opening "English, 1...Nf6 (Anglo-Indian defense)"]
[ECO "A15"]
[NIC "EO.64"]
[Time "11:02:15"]
[PlyCount "125"]
[TimeControl "4500+10"]

1. c4 Nf6 2. g3 e6 3. Bg2 d5 4. cxd5 exd5 5. Nf3 Bd6 6. O-O O-O 7. d4 c6 8.
Bg5 Nbd7 9. e3 h6 10. Bxf6 Nxf6 11. Qb3 Re8 12. Nc3 Qb6 13. Na4 Qxb3 14.
axb3 Ne4 15. Nb6 Rb8 16. Nxc8 Rbxc8 17. Rxa7 Rc7 18. Rfa1 g5 19. Rd1 Kg7
20. Ne1 f5 21. f4 gxf4 22. exf4 Be7 23. Nd3 Bf6 24. Ne5 Bxe5 25. dxe5 Nc5
26. Ra3 Ne6 27. b4 Kg6 28. Kf1 h5 29. Ra7 Rh8 30. h4 Kh6 31. b5 Rhc8 32.
bxc6 bxc6 33. Rxc7 Rxc7 34. Rc1 Kg6 35. b4 Kf7 36. b5 Ke7 37. b6 Rb7 38.
Rxc6 Nd4 39. Rc7+ Rxc7 40. bxc7 Kd7 41. Bxd5 Kxc7 42. Bf7 Kd7 43. Bxh5 Ke6
44. Kf2 Nc6 45. Bg6 Nxe5 46. fxe5 Kxe5 47. Kf3 Kf6 48. Bh7 Kg7 49. Bxf5 Kf6
50. Kf4 Kg7 51. Kg5 Kh8 52. Kf6 Kg8 53. g4 Kh8 54. g5 Kg8 55. Kg6 Kh8 56.
Kh6 Kg8 57. Kg6 Kh8 58. Kf6 Kg8 59. g6 Kh8 60. g7+ Kg8 61. Be6+ Kh7 62.
g8=Q+ Kh6 63. Qg6# { Black checkmated } 1-0

[Event "ICC tourney 2396 (75 10)"]
[Site "Internet Chess Club"]
[Date "2021.02.21"]
[Round "4"]
[White "solveur"]
[Black "ruitang"]
[Result "1/2-1/2"]
[ICCResult "Game drawn because neither player has mating material"]
[WhiteElo "1560"]
[BlackElo "1598"]
[Opening "Grünfeld: exchange variation"]
[ECO "D85"]
[NIC "GI.04"]
[Time "11:02:15"]
[PlyCount "181"]
[TimeControl "4500+10"]

1. d4 Nf6 2. c4 g6 3. Nc3 d5 4. cxd5 Nxd5 5. e4 Nxc3 6. bxc3 Bg7 7. Be3 c5
8. Nf3 O-O 9. Be2 Nc6 10. O-O Qc7 11. Rc1 Rd8 12. Qb3 a6 13. Rfd1 b5 14. d5
Ne5 15. Nxe5 Bxe5 16. g3 c4 17. Qb1 e6 18. f4 Bg7 19. Bf3 Rb8 20. Bd4 exd5
21. Bxg7 Kxg7 22. exd5 Bb7 23. Qe4 Qc5+ 24. Qd4+ Qxd4+ 25. Rxd4 Rd6 26. Re1
Rbd8 27. Kf2 R6d7 28. Red1 Rd6 29. a4 R6d7 30. a5 Kf6 31. g4 h6 32. h4 g5
33. fxg5+ hxg5 34. h5 Kg7 35. d6 Bxf3 36. Kxf3 Kh6 37. Ke4 Kg7 38. Kf5 Kh6
39. Kf6 Re8 40. Rd5 Re6+ 41. Kf5 Re3 42. Re5 Rxc3 43. Re7 Rd3 44. Rxd7 Rxd1
45. Rd8 c3 46. d7 c2 47. Rc8 Rxd7 48. Rxc2 Rd5+ 49. Ke4 Rd6 50. Ke5 Re6+
51. Kf5 Rd6 52. Rc1 b4 53. Rc4 Rd5+ 54. Kf6 Rxa5 55. Rxb4 Rb5 56. Rc4 Rb7
57. Rc8 Kh7 58. Kxg5 Rb6 59. Ra8 Kg7 60. Kf5 Rb5+ 61. Kf4 Rb4+ 62. Kg5 Rb5+
63. Kh4 Ra5 64. g5 Ra4+ 65. Kg3 Ra3+ 66. Kf4 Ra4+ 67. Ke3 Rg4 68. h6+ Kh7
69. Rxa6 Rxg5 70. Kf4 Rg6 71. Rxg6 Kxg6 72. h7 Kxh7 73. Kf5 Kg7 74. Kg5 Kf8
75. Kf6 Ke8 76. Kf5 Ke7 77. Ke5 f5 78. Kf4 Ke6 79. Ke3 Ke5 80. Kf3 f4 81.
Ke2 Kd4 82. Kf3 Ke5 83. Ke2 Kf5 84. Kf3 Kg5 85. Kf2 Kg4 86. Kg2 f3+ 87. Kf2
Kf4 88. Kf1 Ke3 89. Ke1 f2+ 90. Kf1 Kd2 91. Kxf2 { Game drawn because
neither player has mating material } 1/2-1/2

[Event "ICC tourney 2396 (75 10)"]
[Site "Internet Chess Club"]
[Date "2021.02.21"]
[Round "4"]
[White "JacJac06"]
[Black "Niteshc"]
[Result "1-0"]
[ICCResult "Black resigns"]
[WhiteElo "1709"]
[BlackElo "1690"]
[Opening "Caro-Kann: anti-anti-Caro-Kann defense"]
[ECO "B10"]
[NIC "CK.01"]
[Time "11:02:01"]
[PlyCount "47"]
[TimeControl "4500+10"]

1. e4 c6 2. c4 d5 3. cxd5 cxd5 4. exd5 Qxd5 5. Nc3 Qd8 6. Nf3 Nc6 7. Bb5
Nf6 8. O-O Bg4 9. d4 e6 10. Bg5 Be7 11. h3 Bh5 12. g4 Bg6 13. Ne5 Rc8 14.
Qa4 Qc7 15. Bf4 Bd6 16. g5 Nd5 17. Nxd5 exd5 18. Rac1 O-O 19. Bxc6 f6 20.
Bxd5+ Kh8 21. Rxc7 Bxc7 22. Nxg6+ hxg6 23. Bxc7 Rxc7 24. Re1 { Black
resigns } 1-0

[Event "ICC tourney 2396 (75 10)"]
[Site "Internet Chess Club"]
[Date "2021.02.21"]
[Round "4"]
[White "Deveshc"]
[Black "NL008"]
[Result "0-1"]
[ICCResult "White checkmated"]
[WhiteElo "1371"]
[BlackElo "1541"]
[Opening "Giuoco Pianissimo"]
[ECO "C50"]
[NIC "IG.02"]
[Time "11:02:07"]
[PlyCount "86"]
[TimeControl "4500+10"]

1. e4 e5 2. Nf3 Nc6 3. Bc4 Bc5 4. d3 d6 5. c3 Nf6 6. Bb3 O-O 7. O-O Ne7 8.
Bg5 Ng6 9. Bc2 h6 10. Bc1 Be6 11. a4 a5 12. Nbd2 c6 13. Re1 Qb6 14. Qe2 Nf4
15. Qf1 Ng4 16. d4 exd4 17. cxd4 Bxd4 18. Nxd4 Qxd4 19. Nf3 Qf6 20. Bxf4
Qxf4 21. Qd3 Ne5 22. Nxe5 dxe5 23. g3 Qf6 24. f4 exf4 25. e5 Qg6 26. Qxg6
fxg6 27. Bxg6 fxg3 28. hxg3 Rf3 29. Kg2 Raf8 30. Re2 Bd5 31. Kh3 Rf2 32.
Rae1 Be6+ 33. Kh4 Rxe2 34. Rxe2 Rf1 35. Be4 g5+ 36. Kh5 Kg7 37. Bg2 Rg1 38.
b3 Bxb3 39. e6 Bd1 40. Bf3 Bxe2 41. Bxe2 Re1 42. Bc4 Kf6 43. Kxh6 Rh1# {
White checkmated } 0-1

[Event "ICC tourney 2396 (75 10)"]
[Site "Internet Chess Club"]
[Date "2021.02.21"]
[Round "4"]
[White "yanje03"]
[Black "Ryan123455"]
[Result "1-0"]
[ICCResult "Black resigns"]
[WhiteElo "1570"]
[BlackElo "1622"]
[Opening "Sicilian"]
[ECO "B56"]
[NIC "SI.25"]
[Time "11:02:01"]
[PlyCount "109"]
[TimeControl "4500+10"]

1. e4 c5 2. Nf3 d6 3. d4 cxd4 4. Nxd4 Nf6 5. Nc3 Nc6 6. f3 e5 7. Nb3 Be6 8.
Be3 Be7 9. Qd2 O-O 10. O-O-O a5 11. a4 Nb4 12. Kb1 Rc8 13. g4 d5 14. g5 d4
15. gxf6 Bxf6 16. Nxd4 exd4 17. Bxd4 Bxd4 18. Qxd4 Qxd4 19. Rxd4 f5 20. Bb5
fxe4 21. fxe4 Rf2 22. Bd3 Rcf8 23. Rd6 Kf7 24. Nd1 Rf3 25. Be2 Rf4 26. Nc3
Rf6 27. e5 Rf2 28. Bd3 Nxd3 29. cxd3 Bf5 30. Ka1 Kg8 31. h4 Rd2 32. d4 Bd3
33. e6 Re8 34. d5 Bc4 35. Rd7 Rd3 36. e7 Re3 37. d6 Kf7 38. Rxb7 Be6 39.
Rf1+ Kg8 40. Kb1 Rd3 41. Nb5 Bd5 42. Ra7 Be4 43. Ka1 Bc6 44. Rxa5 Bxb5 45.
Rxb5 Rxd6 46. Rbf5 Rf6 47. Rxf6 gxf6 48. Rxf6 Rxe7 49. Rf4 Kg7 50. a5 Kg6
51. b4 Re5 52. Kb2 Re3 53. a6 Re6 54. b5 Re5 55. Rb4 { Black resigns } 1-0

[Event "ICC tourney 2396 (75 10)"]
[Site "Internet Chess Club"]
[Date "2021.02.21"]
[Round "4"]
[White "Supersamraat"]
[Black "kgeisenman32"]
[Result "1/2-1/2"]
[ICCResult "Game drawn by mutual agreement"]
[WhiteElo "1575"]
[BlackElo "1557"]
[Opening "Queen's pawn, Mason variation"]
[ECO "D00"]
[NIC "QP.08"]
[Time "11:02:02"]
[PlyCount "72"]
[TimeControl "4500+10"]

1. d4 d5 2. Bf4 Nf6 3. e3 c5 4. c3 Qb6 5. Qb3 c4 6. Qxb6 axb6 7. Nd2 Nc6 8.
a3 Bf5 9. Ngf3 h6 10. h3 e6 11. Be2 Be7 12. O-O O-O 13. Ne5 b5 14. Rfe1
Nxe5 15. Bxe5 Nd7 16. Bh2 Nb6 17. Bf3 Na4 18. Ra2 Bc2 19. Bd1 Bg6 20. Bxa4
bxa4 21. e4 Bf6 22. exd5 exd5 23. Be5 Rfe8 24. Nf3 Bxe5 25. Rxe5 Rxe5 26.
Nxe5 Bf5 27. Ra1 Re8 28. Re1 f6 29. Nf3 Rxe1+ 30. Nxe1 Kf7 31. f4 g5 32.
fxg5 hxg5 33. Kf2 Be4 34. Nf3 Kg6 35. g4 Bxf3 36. Kxf3 Kh6 { Game drawn by
mutual agreement } 1/2-1/2

[Event "ICC tourney 2396 (75 10)"]
[Site "Internet Chess Club"]
[Date "2021.02.21"]
[Round "4"]
[White "SuperBlueSky"]
[Black "VincentT2008"]
[Result "0-1"]
[ICCResult "White checkmated"]
[WhiteElo "1585"]
[BlackElo "1701"]
[Opening "King's Indian: orthodox, Aronin-Taimanov, 9.Ne1"]
[ECO "E98"]
[NIC "KI.03"]
[Time "11:02:21"]
[PlyCount "94"]
[TimeControl "4500+10"]

1. d4 Nf6 2. c4 g6 3. Nc3 Bg7 4. Nf3 d6 5. e4 O-O 6. Be2 e5 7. O-O Nc6 8.
d5 Ne7 9. Ne1 Nd7 10. Be3 f5 11. f3 f4 12. Bf2 Nf6 13. Nd3 b6 14. b4 g5 15.
c5 Rf7 16. Rc1 h5 17. h3 Ng6 18. Be1 Bf8 19. cxd6 cxd6 20. Nf2 Rg7 21. Qc2
Nh4 22. Nb5 g4 23. fxg4 hxg4 24. Nxg4 Nxg4 25. Bxg4 Bxg4 26. hxg4 Rxg4 27.
Bxh4 Qxh4 28. Qf2 Qh5 29. Rc7 a6 30. Nc3 b5 31. Qf3 Qh4 32. Ne2 Re8 33.
Rfc1 Re7 34. Rxe7 Bxe7 35. Qf2 Qg5 36. Rc6 Rh4 37. Kf1 Kf7 38. Rxa6 Qg4 39.
Qf3 Qc8 40. Rc6 Qa8 41. a3 Rh1+ 42. Ng1 Qa7 43. Qf2 Qxa3 44. Qd2 Qa7 45.
Qf2 Qa1+ 46. Ke2 Rxg1 47. Rc2 Qd1# { White checkmated } 0-1

[Event "ICC tourney 2396 (75 10)"]
[Site "Internet Chess Club"]
[Date "2021.02.21"]
[Round "4"]
[White "edwinthomas"]
[Black "Pugnacious"]
[Result "1-0"]
[ICCResult "Black resigns"]
[WhiteElo "1527"]
[BlackElo "1671"]
[Opening "Giuoco Pianissimo: Canal variation"]
[ECO "C50"]
[NIC "IG.02"]
[Time "11:02:01"]
[PlyCount "89"]
[TimeControl "4500+10"]

1. e4 e5 2. Nf3 Nc6 3. Bc4 Bc5 4. Nc3 Nf6 5. d3 d6 6. Bg5 h6 7. Bxf6 Qxf6
8. Nd5 Qg6 9. Qe2 Bb6 10. c3 f5 11. O-O-O fxe4 12. dxe4 Be6 13. Ne1 O-O-O
14. f3 Kb8 15. Nc2 Rhe8 16. h4 Bxd5 17. Bxd5 Ne7 18. Ne3 Bxe3+ 19. Qxe3
Nxd5 20. exd5 e4 21. Rhg1 exf3 22. Qxf3 Rf8 23. Qd3 Qxd3 24. Rxd3 Rde8 25.
Rf3 Kc8 26. Rgf1 Rxf3 27. Rxf3 Kd7 28. Kd2 c6 29. Rf7+ Re7 30. Rxe7+ Kxe7
31. dxc6 bxc6 32. Ke3 Kf6 33. Ke4 Ke6 34. g4 d5+ 35. Kd4 Kd6 36. b4 a5 37.
a4 g6 38. bxa5 c5+ 39. Ke3 Kc6 40. Kf4 Kb7 41. Ke5 g5 42. hxg5 d4 43. cxd4
c4 44. Ke4 hxg5 45. d5 { Black resigns } 1-0

[Event "ICC tourney 2396 (75 10)"]
[Site "Internet Chess Club"]
[Date "2021.02.21"]
[Round "4"]
[White "fireheart"]
[Black "Yamato1945"]
[Result "1-0"]
[ICCResult "Black resigns"]
[WhiteElo "1608"]
[BlackElo "1510"]
[Opening "Caro-Kann: exchange variation"]
[ECO "B13"]
[NIC "CK.02"]
[Time "11:02:06"]
[PlyCount "89"]
[TimeControl "4500+10"]

1. e4 c6 2. d4 d5 3. exd5 cxd5 4. Bd3 Nc6 5. c3 Nf6 6. h3 e5 7. dxe5 Nxe5
8. Bc2 Ng6 9. Nf3 Be7 10. O-O O-O 11. Be3 Be6 12. Nbd2 b5 13. Nd4 a6 14. f4
Bd7 15. N2f3 Qc7 16. f5 Nh8 17. Nd2 Rfe8 18. Qf3 b4 19. Bf4 Qc5 20. Nb3 Qc8
21. g4 a5 22. g5 Ne4 23. Bxe4 dxe4 24. Qg3 Bxf5 25. Nxf5 Qxf5 26. Be3 Qg6
27. Kh1 bxc3 28. bxc3 Rac8 29. Rac1 Ba3 30. Rc2 Bb4 31. c4 a4 32. Nd4 Qa6
33. Nb5 Ng6 34. Nc7 Bd6 35. Nxa6 Bxg3 36. c5 Ne7 37. Kg2 Nd5 38. Re2 Bh4
39. Rf5 Rcd8 40. Rxd5 Rxd5 41. Nc7 Red8 42. Nxd5 Rxd5 43. c6 Rd8 44. c7 Re8
45. Rd2 { Black resigns } 1-0

[Event "ICC tourney 2396 (75 10)"]
[Site "Internet Chess Club"]
[Date "2021.02.21"]
[Round "4"]
[White "sanjay2000"]
[Black "abelMZ084"]
[Result "1-0"]
[ICCResult "Black resigns"]
[WhiteElo "1615"]
[BlackElo "1667"]
[Opening "King's pawn game"]
[ECO "C50"]
[NIC "IG.03"]
[Time "11:02:04"]
[PlyCount "43"]
[TimeControl "4500+10"]

1. e4 e5 2. Nf3 Nc6 3. Bc4 Nge7 4. Nc3 h6 5. d4 exd4 6. Nxd4 g6 7. O-O Bg7
8. Be3 O-O 9. Qd2 Kh7 10. f4 f5 11. exf5 Nxf5 12. Nxf5 Rxf5 13. Bd3 Rh5 14.
f5 Ne5 15. fxg6+ Kh8 16. Be2 Rh4 17. g3 Rh3 18. Bd4 d6 19. Bxe5 Bxe5 20.
Rf7 Qg5 21. Rh7+ Kg8 22. Qd5+ { Black resigns } 1-0

[Event "ICC tourney 2396 (75 10)"]
[Site "Internet Chess Club"]
[Date "2021.02.21"]
[Round "4"]
[White "Abror"]
[Black "Ananya22609"]
[Result "1-0"]
[ICCResult "Black resigns"]
[WhiteElo "1753"]
[BlackElo "1595"]
[Opening "Sicilian: Najdorf"]
[ECO "B90"]
[NIC "SI.14"]
[Time "11:02:01"]
[PlyCount "97"]
[TimeControl "4500+10"]

1. e4 c5 2. Nf3 d6 3. d4 cxd4 4. Nxd4 Nf6 5. Nc3 a6 6. a3 e6 7. Be2 Be7 8.
O-O O-O 9. Be3 b5 10. f4 Bb7 11. Bf3 Nbd7 12. Nb3 Qc7 13. Rc1 Rad8 14. Qe2
Nc5 15. Nxc5 dxc5 16. e5 Nd5 17. Nxd5 exd5 18. Kh1 Kh8 19. g4 d4 20. Bd2
Bd5 21. Qg2 Qb7 22. g5 Bxf3 23. Rxf3 f6 24. exf6 gxf6 25. g6 Rg8 26. f5 Bf8
27. Rg1 c4 28. Rh3 Qxg2+ 29. Rxg2 Rd7 30. Rg4 Rgg7 31. Rgh4 d3 32. cxd3
cxd3 33. Kg2 Kg8 34. Rxh7 Rxh7 35. gxh7+ Rxh7 36. Rxh7 Kxh7 37. Kf3 Bd6 38.
h3 Be5 39. b3 Bd6 40. a4 bxa4 41. bxa4 Bf8 42. Ke4 Bh6 43. Bxh6 Kxh6 44.
Kxd3 Kh5 45. Ke4 Kh4 46. Kd5 Kg5 47. Ke6 a5 48. h4+ Kxh4 49. Kxf6 { Black
resigns } 1-0

[Event "ICC tourney 2396 (75 10)"]
[Site "Internet Chess Club"]
[Date "2021.02.21"]
[Round "4"]
[White "yuanbao2007"]
[Black "StevChess01"]
[Result "1-0"]
[ICCResult "Black checkmated"]
[WhiteElo "1584"]
[BlackElo "1661"]
[Opening "Queen's Indian defense"]
[ECO "E12"]
[NIC "QI.02"]
[Time "11:02:04"]
[PlyCount "87"]
[TimeControl "4500+10"]

1. d4 Nf6 2. Nf3 e6 3. c4 b6 4. Bg5 Bb7 5. e3 Be7 6. Nbd2 Ne4 7. Bxe7 Qxe7
8. Nxe4 Bxe4 9. Bd3 Bxd3 10. Qxd3 d6 11. g4 c6 12. Ke2 Nd7 13. h4 Rc8 14.
g5 c5 15. Rag1 Nb8 16. d5 e5 17. e4 Na6 18. h5 Nb8 19. Nh4 g6 20. hxg6 Qd7
21. g7 Rg8 22. Nf5 b5 23. Rxh7 Kd8 24. Rh8 Kc7 25. Rxg8 Rxg8 26. Rh1 bxc4
27. Qxc4 Qd8 28. Qc1 Nd7 29. Rh6 f6 30. gxf6 Nxf6 31. f3 Ne8 32. Rh8 Nxg7
33. Nxg7 Kb6 34. Rxg8 Qxg8 35. Qh6 Kb5 36. Qxd6 Qxg7 37. Kd3 Kb4 38. a3+
Kb3 39. Qxc5 Ka2 40. Kc3 Qg5 41. Qc4+ Kb1 42. Qf1+ Ka2 43. Kc2 Qe3 44. Qb1#
{ Black checkmated } 1-0

[Event "ICC tourney 2396 (75 10)"]
[Site "Internet Chess Club"]
[Date "2021.02.21"]
[Round "4"]
[White "wahoo"]
[Black "Artemio3"]
[Result "1-0"]
[ICCResult "Black resigns"]
[WhiteElo "1653"]
[BlackElo "1721"]
[Opening "Sicilian defense"]
[ECO "B32"]
[NIC "SI.32"]
[Time "11:02:17"]
[PlyCount "105"]
[TimeControl "4500+10"]

1. e4 c5 2. Nf3 Nc6 3. d4 cxd4 4. Nxd4 d6 5. Nc3 e6 6. Be3 a6 7. Qd2 Be7 8.
O-O-O Nf6 9. f3 e5 10. Nb3 O-O 11. g4 b5 12. g5 Ne8 13. h4 Be6 14. h5 g6
15. hxg6 fxg6 16. Bh3 Qd7 17. Nc5 dxc5 18. Qxd7 Bxd7 19. Bxd7 Nd4 20. Nd5
Bd8 21. c3 Nxf3 22. Bxc5 Bxg5+ 23. Kc2 Rf4 24. Nxf4 exf4 25. Be6+ Kg7 26.
Rd7+ Kf6 27. Bd5 Rc8 28. Be7+ Ke5 29. Rxh7 Bxe7 30. Rdxe7+ Kf6 31. Rhf7+
Kg5 32. Bb7 Rd8 33. Rf8 Rd2+ 34. Kc1 Nd6 35. Bd5 Re2 36. Re6 Nc4 37. Bxc4
bxc4 38. a4 Re1+ 39. Kc2 Re2+ 40. Kb1 Nd2+ 41. Ka2 Rxe4 42. Rxa6 Re5 43.
Rg8 f3 44. Rgxg6+ Kf4 45. Rgf6+ Ke3 46. Ra8 Ke2 47. Raf8 Ra5 48. Ka3 Re5
49. Rf5 Re6 50. a5 Rc6 51. R8f6 Rxf6 52. Rxf6 f2 53. Rxf2+ { Black resigns
} 1-0

[Event "ICC tourney 2396 (75 10)"]
[Site "Internet Chess Club"]
[Date "2021.02.21"]
[Round "4"]
[White "kittycat35"]
[Black "ScorpianFire7"]
[Result "0-1"]
[ICCResult "White forfeits on time"]
[WhiteElo "1725"]
[BlackElo "1495"]
[Opening "Ruy Lopez: closed"]
[ECO "C90"]
[NIC "RL.19"]
[Time "11:02:09"]
[PlyCount "98"]
[TimeControl "4500+10"]

1. e4 e5 2. Nf3 Nc6 3. Bb5 a6 4. Ba4 Nf6 5. O-O b5 6. Bb3 Be7 7. Re1 d6 8.
c3 Bb7 9. d4 exd4 10. cxd4 O-O 11. Bf4 Re8 12. Nc3 Bf8 13. Ng5 Re7 14. Nd5
Nxd5 15. Bxd5 h6 16. Nf3 Na5 17. Bxb7 Nxb7 18. Bg3 Re8 19. Rc1 Rc8 20. Qd2
c5 21. b3 d5 22. e5 c4 23. b4 Qe7 24. a3 Qd7 25. h3 Nd8 26. Nh2 Ne6 27. f4
Qa7 28. Bf2 a5 29. h4 axb4 30. axb4 Qa4 31. Qe3 Bxb4 32. Rf1 Qa3 33. f5
Qxe3 34. Bxe3 Nc7 35. f6 g6 36. Bxh6 Ne6 37. Be3 Bf8 38. h5 g5 39. Rf5 Bh6
40. Nf3 Kh7 41. Bxg5 Nxg5 42. Nxg5+ Bxg5 43. Rxg5 Rg8 44. Rxg8 Kxg8 45. Kf2
b4 46. Ke2 c3 47. Kd3 Kh7 48. g4 Kh6 49. Kc2 Rc4 { White forfeits on time }
0-1

[Event "ICC tourney 2396 (75 10)"]
[Site "Internet Chess Club"]
[Date "2021.02.21"]
[Round "4"]
[White "MikeWMason"]
[Black "trucker"]
[Result "1/2-1/2"]
[ICCResult "Game drawn by repetition"]
[WhiteElo "1664"]
[BlackElo "1640"]
[Opening "Giuoco Piano"]
[ECO "C50"]
[NIC "IG.02"]
[Time "11:02:56"]
[PlyCount "57"]
[TimeControl "4500+10"]

1. e4 e5 2. Nf3 Nc6 3. Bc4 Bc5 4. d4 Bxd4 5. Nxd4 Nxd4 6. Be3 Ne6 7. Bxe6
dxe6 8. Qh5 Qf6 9. Nc3 Bd7 10. O-O-O h6 11. Qe2 a6 12. Qc4 O-O-O 13. b4 Ne7
14. a4 Kb8 15. b5 axb5 16. axb5 b6 17. Qa4 Bc8 18. Kb2 Bb7 19. Ra1 Nc8 20.
Ra3 Rd6 21. Rha1 Rhd8 22. Qb3 Rd4 23. Qa2 c5 24. bxc6 Bxc6 25. Ra8+ Kc7 26.
Ra7+ Kb8 27. Ra8+ Kc7 28. Ra7+ Kb8 29. Ra8+ { Game drawn by repetition }
1/2-1/2

[Event "ICC tourney 2396 (75 10)"]
[Site "Internet Chess Club"]
[Date "2021.02.21"]
[Round "4"]
[White "Mulan2009"]
[Black "landonp"]
[Result "1-0"]
[ICCResult "Black resigns"]
[WhiteElo "1680"]
[BlackElo "1524"]
[Opening "Evans gambit"]
[ECO "C52"]
[NIC "IG.05"]
[Time "11:02:12"]
[PlyCount "91"]
[TimeControl "4500+10"]

1. e4 e5 2. Nf3 Nc6 3. Bc4 Bc5 4. b4 Bxb4 5. c3 Ba5 6. d4 exd4 7. O-O Nf6
8. Ba3 d6 9. e5 Ne4 10. Qb3 O-O 11. cxd4 Re8 12. Bxf7+ Kh8 13. Bxe8 Qxe8
14. Qe3 d5 15. Nfd2 Bb6 16. Bb2 Nxe5 17. Nxe4 Nc4 18. Qe2 Nxb2 19. Qxb2
Qxe4 20. Rd1 Bd7 21. Nc3 Qf5 22. Qb1 Qg5 23. Qd3 c6 24. Na4 Bc7 25. Nc5 Bf5
26. Qe3 Bf4 27. Qe2 b6 28. Ne6 Bxh2+ 29. Kxh2 Qh6+ 30. Kg1 Bxe6 31. Rac1
Bd7 32. Qe7 Bf5 33. Qb7 Rf8 34. Qxc6 Qh4 35. Qd6 Rd8 36. Qe5 Be4 37. f3 Bg6
38. Rc7 Qh6 39. Rdc1 Re8 40. Rc8 Qxc1+ 41. Rxc1 Rxe5 42. dxe5 h6 43. Kf2
Bd3 44. Rc8+ Kh7 45. e6 Bb5 46. e7 { Black resigns } 1-0

[Event "ICC tourney 2396 (75 10)"]
[Site "Internet Chess Club"]
[Date "2021.02.21"]
[Round "4"]
[White "Vinny773175"]
[Black "Chessnaught"]
[Result "1-0"]
[ICCResult "Black resigns"]
[WhiteElo "1763"]
[BlackElo "1527"]
[Opening "Caro-Kann: exchange variation"]
[ECO "B13"]
[NIC "CK.02"]
[Time "11:02:06"]
[PlyCount "124"]
[TimeControl "4500+10"]

1. e4 c6 2. d4 d5 3. exd5 cxd5 4. c3 Nc6 5. Nf3 Bf5 6. Nbd2 e6 7. g3 Nf6 8.
Nh4 Bg4 9. Nhf3 Bd6 10. Bg2 O-O 11. O-O b5 12. Re1 b4 13. Nf1 bxc3 14. bxc3
Na5 15. Ne3 Bh5 16. Qa4 Qc7 17. Bd2 Rfc8 18. Rec1 Nc4 19. Nxc4 Qxc4 20.
Qxc4 Rxc4 21. Ne5 Bxe5 22. dxe5 Nd7 23. f4 Rac8 24. Bf1 R4c6 25. Rab1 Nb6
26. Ba6 Rd8 27. Bb5 Rc7 28. Be3 Nc4 29. Bd4 Nd2 30. Rb4 Rb8 31. Be3 Ne4 32.
Bd3 Rxb4 33. cxb4 Rxc1+ 34. Bxc1 Nc3 35. a3 Ne2+ 36. Bxe2 Bxe2 37. Kf2 Bb5
38. Ke3 Kf8 39. Kd4 Ke7 40. Kc5 a6 41. Be3 Kd7 42. Kb6 g6 43. Bc5 h6 44.
Be3 h5 45. Kb7 Bc4 46. a4 Bb3 47. b5 Bxa4 48. Kxa6 Kc7 49. b6+ Kb8 50. b7
Bb5+ 51. Kxb5 Kxb7 52. Bb6 Kc8 53. Kc6 d4 54. Bxd4 Kd8 55. Bc5 Ke8 56. Kc7
f6 57. exf6 Kf7 58. Bd4 Ke8 59. Kd6 Kf7 60. Be5 Kg8 61. Kxe6 g5 62. f7+ Kh7
{ Black resigns } 1-0

[Event "ICC tourney 2396 (75 10)"]
[Site "Internet Chess Club"]
[Date "2021.02.21"]
[Round "4"]
[White "PvzGuy13"]
[Black "Shoshonte"]
[Result "1-0"]
[ICCResult "Black resigns"]
[WhiteElo "1691"]
[BlackElo "1626"]
[Opening "QGD: exchange, positional line"]
[ECO "D35"]
[NIC "QO.16"]
[Time "11:02:07"]
[PlyCount "129"]
[TimeControl "4500+10"]

1. d4 d5 2. c4 e6 3. Nc3 Nf6 4. cxd5 exd5 5. Bg5 Be7 6. e3 h6 7. Bf4 c6 8.
Bd3 Qb6 9. Qc2 Nbd7 10. Nf3 Nf8 11. h3 Ne6 12. Bh2 Bd7 13. Ne5 c5 14. Nxd7
Kxd7 15. Bb5+ Kd8 16. dxc5 Qxc5 17. O-O a6 18. Be2 Rc8 19. Rfd1 Ke8 20. Qb3
Qb4 21. Qxb4 Bxb4 22. Be5 Bxc3 23. Bxc3 Ke7 24. Bb4+ Nc5 25. Rac1 Kd6 26.
Bf3 Rhe8 27. Rd2 Ne4 28. Bxe4 Rxe4 29. Bc3 g6 30. Rcd1 Kc6 31. Rxd5 b5 32.
Rd6+ Kb7 33. Bd4 Re7 34. Rc1 Rec7 35. Rd1 Rc6 36. Rxc6 Rxc6 37. Rc1 Ne6 38.
Rxc6 Kxc6 39. Bc3 Kd5 40. Kf1 Kc4 41. Ke2 b4 42. Be5 b3 43. a3 Nc5 44. f3
Nd3 45. Bc3 Nc5 46. g4 Ne6 47. h4 h5 48. gxh5 gxh5 49. e4 Nd4+ 50. Ke3 Nc2+
51. Kf4 Nxa3 52. Bg7 Kd3 53. bxa3 Kc2 54. Kg5 b2 55. Bxb2 Kxb2 56. Kxh5
Kxa3 57. Kg4 Kb3 58. h5 a5 59. h6 a4 60. h7 a3 61. h8=Q a2 62. Qa1 f6 63.
Kf5 Ka3 64. Qxa2+ Kxa2 65. Kxf6 { Black resigns } 1-0

[Event "ICC tourney 2396 (75 10)"]
[Site "Internet Chess Club"]
[Date "2021.02.21"]
[Round "4"]
[White "shrey16ultimate"]
[Black "BobbyFissure"]
[Result "1-0"]
[ICCResult "Black resigns"]
[WhiteElo "1600"]
[BlackElo "1504"]
[Opening "Queen's pawn: London system"]
[ECO "A45"]
[NIC "QP.07"]
[Time "11:02:09"]
[PlyCount "105"]
[TimeControl "4500+10"]

1. d4 Nf6 2. Bf4 d5 3. e3 e6 4. c4 c6 5. Nc3 Bd6 6. Bg3 Bxg3 7. hxg3 Qa5 8.
Nf3 Nbd7 9. Qc2 Ne4 10. Nd2 f5 11. cxd5 cxd5 12. Nb5 O-O 13. a3 Qxd2+ 14.
Qxd2 Nxd2 15. Kxd2 Nf6 16. Bd3 Ne8 17. Rac1 Rf7 18. Rc2 a6 19. Nc3 Bd7 20.
Rhc1 Rc8 21. b4 Nd6 22. a4 Nc4+ 23. Bxc4 dxc4 24. a5 Bc6 25. Ne2 Bd5 26.
Nf4 Rf6 27. Nxd5 exd5 28. Rb1 b5 29. axb6 Rxb6 30. Ra2 g5 31. Ra5 Rd8 32.
Kc3 Kf7 33. Rba1 Rdd6 34. f3 h5 35. e4 fxe4 36. fxe4 dxe4 37. Rxg5 Rg6 38.
Rxg6 Rxg6 39. Kxc4 Rxg3 40. Ra2 Kf6 41. Rxa6+ Kf5 42. Ra2 Kf4 43. Re2 h4
44. b5 Rxg2 45. Rxg2 h3 46. Rb2 Kg3 47. b6 h2 48. Rxh2 Kxh2 49. b7 e3 50.
b8=Q+ Kg2 51. Qe5 Kf2 52. d5 e2 53. Qxe2+ { Black resigns } 1-0

[Event "ICC tourney 2396 (75 10)"]
[Site "Internet Chess Club"]
[Date "2021.02.21"]
[Round "4"]
[White "Mitochondria"]
[Black "Mpugachev"]
[Result "0-1"]
[ICCResult "White resigns"]
[WhiteElo "1575"]
[BlackElo "1630"]
[Opening "QGD: 4.Nf3"]
[ECO "D37"]
[NIC "QO.16"]
[Time "11:02:04"]
[PlyCount "68"]
[TimeControl "4500+10"]

1. d4 d5 2. c4 e6 3. Nc3 Nf6 4. Nf3 Be7 5. e3 Nbd7 6. Bd3 O-O 7. O-O b6 8.
b3 Bb7 9. Qe2 c5 10. Bb2 Qc7 11. Rac1 a6 12. cxd5 exd5 13. dxc5 bxc5 14.
Rfd1 Rfc8 15. Na4 Qd8 16. Nc3 Bd6 17. Nb1 Qe7 18. Nc3 Re8 19. Qc2 d4 20.
exd4 Bxf3 21. Re1 Bxh2+ 22. Kh1 Qd6 23. gxf3 cxd4 24. Ne4 Nxe4 25. Rxe4 Bf4
26. Rd1 Qh6+ 27. Kg1 Rac8 28. Rxe8+ Rxe8 29. Be4 f5 30. Qc4+ Kh8 31. Qxd4
fxe4 32. Qxd7 Qh2+ 33. Kf1 Qh1+ 34. Ke2 exf3+ { White resigns } 0-1

[Event "ICC tourney 2396 (75 10)"]
[Site "Internet Chess Club"]
[Date "2021.02.21"]
[Round "5"]
[White "muzikmixer"]
[Black "sanjay2000"]
[Result "0-1"]
[ICCResult "White resigns"]
[WhiteElo "1579"]
[BlackElo "1615"]
[Opening "English opening"]
[ECO "A25"]
[NIC "EO.20"]
[Time "14:32:58"]
[PlyCount "36"]
[TimeControl "4500+10"]

1. c4 e5 2. g3 Nc6 3. Nc3 Bc5 4. Bg2 d6 5. Nf3 f5 6. d3 Nf6 7. O-O O-O 8.
a3 a6 9. b4 Ba7 10. Bb2 Qe8 11. Nd5 Nxd5 12. cxd5 Ne7 13. Qb3 f4 14. Rac1
Bb6 15. Nxe5 fxg3 16. hxg3 Nf5 17. Nc4 Nxg3 18. Nxb6 Nxe2+ { White resigns
} 0-1